 Dungeon Crawl Stone Soup version 0.28.0-53-g5a82cb258f (webtiles) character file.

Game seed: 13838465475067905931

16240 issech the Severer (level 12, -1/95 HPs)
             Began as a Minotaur Monk on June 9, 2022.
             Was an Elder of Hepliaklqana.
             Slain by a red ugly thing (21 damage)
             ... on level 12 of the Dungeon.
             The game lasted 00:38:25 (15169 turns).

issech the Severer (Minotaur Monk)                 Turns: 15169, Time: 00:38:26

Health: -1/95      AC: 18    Str: 22    XL:     12   Next: 8%
Magic:  11/11      EV:  9    Int:  7    God:    Hepliaklqana [****..]
Gold:   718        SH:  5    Dex: 18    Spells: 11/11 levels left

rFire   . . .      SeeInvis .   x - +2 flail (holy)
rCold   . . .      Faith    .   U - +0 buckler
rNeg    . . .      Spirit   .   O - +0 plate armour
rPois   .          Reflect  .   (helmet restricted)
rElec   .          Harm     .   N - +0 cloak {Will+}
rCorr   .          Rampage  .   X - +0 pair of gloves
Will    +....                   (no boots)
Stlth   ..........              (no amulet)
HPRegen 0.25/turn               C - +6 ring of strength
MPRegen 0.12/turn               G - ring of flight

@: flying
A: reduced essence, horns 2, retaliatory headbutt
a: Renounce Religion, Recall Ancestor, Ancestor Identity, Transference, Idealise


You were on level 12 of the Dungeon.
You worshipped Hepliaklqana.
Hepliaklqana was greatly pleased with you.
You visited 2 branches of the dungeon, and saw 13 of its levels.

You collected 718 gold pieces.

Inventory:

Hand Weapons
 b - a +2 dagger of venom
 f - a +1 long sword of holy wrath
 q - a +1 antimagic whip
 t - a +0 hunting sling
 x - a +2 flail of holy wrath (weapon)
 y - a +0 war axe
 B - a +2 whip of venom
 H - a +0 battleaxe
 K - a +0 shortbow
 M - a +4 quarterstaff of chaos
Missiles
 d - 314 stones (quivered)
 j - 73 bolts
 l - 125 sling bullets
 o - 241 arrows
 w - 54 poisoned darts
 A - 2 boomerangs
 L - 5 javelins
 Q - 3 curare-tipped darts
 T - 2 boomerangs of dispersal
Armour
 N - a +0 cloak of willpower (worn)
 O - a +0 plate armour (worn)
 U - a +0 buckler (worn)
 X - a +0 pair of gloves (worn)
Jewellery
 C - a +6 ring of strength (left hand)
 E - a ring of positive energy
 G - a ring of flight (right hand)
 W - a +6 ring of intelligence
Wands
 u - a wand of paralysis (20)
 I - a wand of acid (5)
Scrolls
 c - 2 scrolls of amnesia
 h - 6 scrolls of teleportation
 n - a scroll of magic mapping
 p - 3 scrolls of fog
 D - 4 scrolls of enchant armour
 R - 2 scrolls of blinking
 V - a scroll of holy word
Potions
 a - a potion of brilliance {unknown}
 e - 5 potions of heal wounds {unknown}
 g - a potion of resistance {unknown}
 i - 7 potions of curing {unknown}
 k - a potion of lignification {unknown}
 m - 4 potions of mutation {unknown}
 r - 2 potions of invisibility {unknown}
 s - 3 potions of flight {unknown}
 v - a potion of berserk rage {unknown}
 z - 3 potions of haste {unknown}
 F - a potion of attraction {unknown}
 J - a potion of degeneration {unknown}
 P - a potion of might {unknown}


   Skills:
 + Level 10.0 Fighting
 + Level 5.3 Short Blades
 + Level 15.2 Axes
 + Level 1.9 Throwing
 + Level 11.6 Armour
 + Level 5.6 Dodging
 + Level 4.5 Stealth
 + Level 4.1 Shields


You had 11 spell levels left.
You didn't know any spells.
Your spell library contained the following spells:

 Spells                   Type           Power      Damage    Failure   Level
 Freeze                   Ice            0%         1d3       100%        1
 Magic Dart               Conj           0%         1d3       100%        1
 Sandblast                Erth           0%         2d4       100%        1
 Summon Small Mammal      Summ           0%         N/A       100%        1
 Call Imp                 Summ           0%         N/A       100%        2
 Scorch                   Fire           0%         2d5       100%        2
 Call Canine Familiar     Summ           0%         N/A       100%        3
 Frozen Ramparts          Ice            0%         1d2       100%        3
 Mephitic Cloud           Conj/Pois/Air  0%         N/A       100%        3
 Summon Guardian Golem    Hex/Summ       0%         N/A       100%        3
 Animate Dead             Necr           0%         N/A       100%        4
 Flame Wave               Conj/Fire      0%         2d4       100%        4
 Hailstorm                Conj/Ice       0%         3d3       100%        4
 Borgnjor's Vile Clutch   Necr/Erth      0%         N/A       100%        5
 Death Channel            Necr           0%         N/A       100%        6
 Dispersal                Tloc           0%         N/A       100%        6
 Iron Shot                Conj/Erth      0%         9d1       100%        6
 Summon Cactus Giant      Summ           0%         N/A       100%        6
 Disjunction              Tloc           0%         N/A       100%        8
 Shatter                  Erth           0%         3d5*      100%        9


Dungeon Overview and Level Annotations

Branches:
Dungeon (12/15)            Temple (1/1) D:4            Lair (0/6) D:11
    Orc (0/2) D:10

Altars:
Ashenzari
Cheibriados
Dithmenos
Elyvilon
Fedhas
Gozag
Hepliaklqana
Kikubaaqudgha
Makhleb
Nemelex Xobeh
Okawaru
Qazlal
Ru
Sif Muna
Trog
Uskayaw
Vehumet
Wu Jian
Xom
Yredelemnul
Zin
The Shining One

Shops:
D:11 ([

Annotations:
D:12 3 runed translucent doors, osoart's ghost, journeyman MiFi


Innate Abilities, Weirdness & Mutations

Your life essence is reduced to manifest your ancestor. (-10% HP)
You have a pair of horns on your head.
You reflexively headbutt those who attack you in melee.


Message History

You hit the komodo dragon but do no damage.
The komodo dragon is moderately wounded.
You block the komodo dragon's attack.
You hit the komodo dragon.
The komodo dragon is heavily wounded.
Ealamassi gestures at the komodo dragon while chanting.
The puff of frost hits the komodo dragon!
The komodo dragon bites Ealamassi!
You slash the komodo dragon!
The komodo dragon is severely wounded.
Ealamassi hits the komodo dragon with a +0 quarterstaff!!
The komodo dragon dies!
Your Fighting skill increases to level 10!
Your +2 flail of holy wrath softly glows with a divine radiance!
x - a +2 flail of holy wrath (weapon)
You start resting.
Ancestor HP restored.
You start resting.
Osoart's ghost wails.
Osoart's ghost screams, "You will never get the ORB!"
Osoart's ghost mumbles, "They all look like pillowcases to me..."
A red ugly thing comes into view.
You swap places.
The red ugly thing pecks you but does no damage.
You completely miss the red ugly thing. You headbutt the red ugly thing.
The red ugly thing is lightly wounded.
Osoart's ghost screams, "You will join me soon!"
The red ugly thing barely misses you. You furiously retaliate!
You headbutt the red ugly thing. You sock the red ugly thing!
Your headbutt misses the red ugly thing.
The red ugly thing is moderately wounded.
The red ugly thing pecks you.
You are engulfed in flames!!
Ealamassi hits the red ugly thing with a +0 quarterstaff!
You sock the red ugly thing! You headbutt the red ugly thing!
The red ugly thing is severely wounded.
The red ugly thing pecks you!
* * * LOW HITPOINT WARNING * * *
You are engulfed in flames!!
You die...

#....... #.##ZZ...#####
# #.#WZZZZZZ#..##
#.#.###+++###...##
#.#..............###
#...................
.######.##.†.#.......###
........##..##.>....##
......u@.......#...##
#######R....>####.##
##)...^# #.######
#)#)#.# #....... #.#.#.#
#..##### #.#..#. #
....###. # ..##. ## .
#..# # ##


You could see the friendly Ealamassi the battlemage, a red ugly thing (ally
target), a spectral centaur warrior and osoart's ghost.

Vanquished Creatures
  3 two-headed ogres
  Pikel (D:5)
  An orc sorcerer (D:10)
  A cyclops (D:7)
  A kobold demonologist (D:10)
  A komodo dragon (D:9)
  2 hornets (D:8)
  3 wyverns
  A shadow (D:10)
  A wraith (D:12)
  11 yaks
  6 vampire mosquitoes (D:10)
  A two-headed ogre zombie (D:10)
  An acid dragon (D:11)
  An orc warrior (D:8)
  3 black bears
  2 necrophages
  An ogre (D:4)
  2 centaurs
  2 phantoms
  4 kobold brigands
  A bullfrog (D:11)
  A scorpion (D:8)
  A wyvern skeleton (D:7)
  A troll zombie (D:10)
  A killer bee (D:9)
  3 howler monkeys
  2 bullfrog zombies
  2 centaur zombies
  A gnoll shaman (D:6)
  2 orc priests
  An iguana (D:8)
  3 ogre zombies (D:10)
  A mummy (D:6)
  A howler monkey zombie (D:6)
  A gnoll (D:6)
  5 adders
  An adder skeleton (D:5)
  2 worms
  A dart slug (D:1)
  13 orcs
  10 endoplasms
  6 giant cockroaches
  7 goblins
  14 hobgoblins
  2 jackals (D:1)
  A quokka (D:4)
  8 ball pythons
  6 bats
  5 frilled lizards
  2 goblin zombies (D:10)
  A hobgoblin skeleton (D:10)
  2 hobgoblin zombies (D:10)
  17 kobolds
  3 orc skeletons (D:10)
  14 orc zombies
  6 rats
197 creatures vanquished.

Vanquished Creatures (collateral kills)
  A boulder beetle (D:11)
  A two-headed ogre (D:10)
  A centaur zombie (D:11)
  A komodo dragon (D:12)
  An unseen horror (D:11)
  2 trolls
  A hornet (D:8)
  Prince Ribbit (D:7)
  2 wyverns
  A wraith (D:5)
  8 yaks
  3 vampire mosquitoes (D:10)
  2 water moccasins (D:11)
  2 ogres (D:5)
  A sky beast (D:7)
  2 ice beasts (D:6)
  A phantom (D:6)
  2 bullfrogs
  6 kobold brigands
  4 scorpions
  2 troll zombies (D:10)
  A howler monkey (D:7)
  A hound (D:7)
  2 orc priests (D:7)
  Crazy Yiuf (D:5)
  2 iguanas
  An orc wizard (D:12)
  An ogre zombie (D:10)
  A hound zombie (D:4)
  A hound skeleton (D:4)
  A howler monkey zombie (D:7)
  3 gnolls (D:6)
  2 adders
  An adder skeleton (D:4)
  A worm (D:5)
  6 orcs
  An endoplasm (D:4)
  3 kobolds
  A quokka (D:5)
  2 goblin zombies (D:10)
  A hobgoblin skeleton (D:10)
  An orc skeleton (D:10)
  3 orc zombies (D:10)
82 creatures vanquished.

Vanquished Creatures (others)
  6 battlemagi
  37 fungi (D:11)
  51 plants
94 creatures vanquished.

Grand Total: 373 creatures vanquished

Notes
Turn   | Place    | Note
-------+----------+-------------------------------------------
     0 | D:1      | issech the Minotaur Monk began the quest for the Orb.
     0 | D:1      | Reached XP level 1. HP: 19/19 MP: 0/0
   358 | D:1      | Reached XP level 2. HP: 17/27 MP: 1/1
   400 | D:1      | Reached skill level 4 in Axes
   864 | D:1      | Reached XP level 3. HP: 32/33 MP: 2/2
  1643 | D:2      | Reached XP level 4. HP: 38/41 MP: 3/3
  2098 | D:3      | Found a faded altar of an unknown god.
  2312 | D:3      | Found a glowing golden altar of the Shining One.
  2698 | D:3      | Found an ornate altar of the Wu Jian Council.
  2963 | D:4      | Noticed a black bear
  2975 | D:4      | Killed a black bear
  2976 | D:4      | Reached skill level 1 in Armour
  2976 | D:4      | Reached XP level 5. HP: 19/47 MP: 4/4
  3293 | D:4      | Noticed an ogre
  3304 | D:4      | Killed an ogre
  3305 | D:4      | Reached XP level 6. HP: 47/55 MP: 5/5
  3337 | D:4      | Found a staircase to the Ecumenical Temple.
  3352 | Temple   | Entered the Ecumenical Temple
  3493 | Temple   | Became a worshipper of Hepliaklqana the Forgotten
  3493 | Temple   | Reached * piety under Hepliaklqana
  3493 | Temple   | Reached ** piety under Hepliaklqana
  3494 | Temple   | Remembered your ancestor Ealamassi as a battlemage
  3757 | D:4      | Found a shimmering altar of Xom.
  4192 | D:4      | Found a burning altar of Makhleb.
  4386 | D:5      | Entered Level 5 of the Dungeon
  4386 | D:5      | Noticed a wraith
  4407 | D:5      | Killed a wraith
  4408 | D:5      | Reached skill level 1 in Throwing
  4748 | D:5      | Reached skill level 5 in Fighting
  4748 | D:5      | Reached XP level 7. HP: 43/54 MP: 6/6
  5196 | D:5      | Noticed Pikel
  5210 | D:5      | Killed Pikel
  5211 | D:5      | Reached skill level 5 in Short Blades
  5211 | D:5      | Reached skill level 5 in Axes
  5211 | D:5      | Reached skill level 5 in Armour
  5211 | D:5      | Reached XP level 8. HP: 5/63 MP: 7/7
  5740 | D:5      | Found a runed translucent door.
  5741 | D:5      | Noticed Crazy Yiuf
  6157 | D:5      | Killed Crazy Yiuf
  6780 | D:6      | Reached skill level 6 in Axes
  6982 | D:6      | Reached skill level 5 in Dodging
  7184 | D:6      | Reached skill level 7 in Axes
  7332 | D:7      | Reached *** piety under Hepliaklqana
  7334 | D:7      | Noticed Prince Ribbit
  7338 | D:7      | Reached XP level 9. HP: 46/70 MP: 8/8
  7462 | D:7      | Killed Prince Ribbit
  7463 | D:7      | Reached skill level 8 in Axes
  7633 | D:7      | Found a white marble altar of Elyvilon.
  7767 | D:7      | Noticed a cyclops
  7774 | D:7      | Noticed a two-headed ogre
  7775 | D:7      | Reached skill level 9 in Axes
  7778 | D:7      | Killed a cyclops
  8019 | D:7      | Reached skill level 10 in Axes
  8025 | D:7      | Killed a two-headed ogre
  8026 | D:7      | Reached XP level 10. HP: 38/77 MP: 9/9
  8627 | D:7      | Found a sacrificial altar of Ru.
  8870 | D:8      | Reached skill level 11 in Axes
  9254 | D:8      | Reached skill level 12 in Axes
  9256 | D:8      | Found a shadowy altar of Dithmenos.
  9275 | D:8      | Reached skill level 1 in Shields
  9384 | D:8      | Found a broken altar of Ashenzari.
  9444 | D:8      | Reached **** piety under Hepliaklqana
  9521 | D:8      | Got the Grimoire of Stones
  9572 | D:8      | Found a bloodstained altar of Trog.
  9835 | D:8      | Paralysed by a hornet for 1 turns
 10196 | D:9      | Found an iron altar of Okawaru.
 10982 | D:10     | Entered Level 10 of the Dungeon
 10990 | D:10     | Reached skill level 13 in Axes
 10990 | D:10     | Reached XP level 11. HP: 84/84 MP: 10/10
 11085 | D:10     | Reached skill level 10 in Armour
 11441 | D:10     | Found a staircase to the Orcish Mines.
 11452 | D:10     | Noticed an orc sorcerer
 11454 | D:10     | Noticed a soul eater
 11562 | D:10     | Killed an orc sorcerer
 11849 | D:10     | Noticed a two-headed ogre
 11857 | D:10     | Killed a two-headed ogre
 12435 | D:10     | Found a radiant altar of Vehumet.
 12438 | D:10     | Got Vehumet's Tome of Attacks
 12440 | D:10     | Found an ancient bone altar of Kikubaaqudgha.
 12441 | D:10     | Found a shimmering blue altar of Sif Muna.
 12495 | D:10     | Reached skill level 14 in Axes
 12716 | D:10     | Noticed a two-headed ogre
 12722 | D:10     | Killed a two-headed ogre
 13414 | D:11     | Noticed a boulder beetle
 13787 | D:11     | Killed a boulder beetle
 14339 | D:11     | Found a staircase to the Lair.
 14420 | D:11     | Found Lisuuk's Weapon Shop.
 14652 | D:11     | Found Quniess's Antique Armour Emporium.
 14737 | D:11     | Found a snail-covered altar of Cheibriados.
 15030 | D:12     | Noticed a two-headed ogre
 15035 | D:12     | Killed a two-headed ogre
 15036 | D:12     | Reached skill level 15 in Axes
 15036 | D:12     | Reached XP level 12. HP: 95/95 MP: 11/11
 15048 | D:12     | Found a runed translucent gate.
 15049 | D:12     | Found a runed translucent gate.
 15051 | D:12     | Found a runed translucent gate.
 15054 | D:12     | Noticed osoart's ghost (journeyman MiFi)
 15093 | D:12     | Reached skill level 10 in Fighting
 15169 | D:12     | Slain by a red ugly thing

Illustrated notes

Levels and vault maps discovered:
D:1:      lemuel_arrival_hallway, layout_basic, st_stairs_6,
          chequers_serial_rivers_micro_a, minmay_heptomino_h4
D:2:      layout_rooms, minmay_circle_x
D:3:      layout_loops_ring, tso_oasis_becter, mainiacjoe_overflow_alcove_2,
          hellmonk_ecumenical_altar_inner_sanctum
D:4:      minmay_skewed_foursquare, layout_loops_cross, lightli_temple_of_fire,
          kennysheep_little_box, temple_hall
D:5:      layout_loops_ring, uniq_crazy_yiuf_cottage, uniq_pikel
D:6:      layout_basic, st_stairs_4, minmay_mini_ossuary
D:7:      minmay_slanted_spiral_squares, layout_basic,
          mainiacjoe_overflow_paths, nicolae_ru_path_of_blood,
          uniq_prince_ribbit1
D:8:      layout_basic, trog_butcher_becter, mainiacjoe_overflow_boulevard,
          nicolae_dithmenos_the_darkroom, nrook_uturn
D:9:      layout_basic, old_standard_altar, interstate_on_off, nrook_campfire,
          kennysheep_potato
D:10:     minmay_weird_star, layout_rooms, grunt_temple_overflow_magic_moments,
          zombieorc2_lemuel, special_room [special_room_kobold]
D:11:     layout_loops_ring, due_lair_maze_entry_diamond, serial_shops, shop,
          shop, cheibrodos_worm_habitat
D:12:     layout_loops_ring, gammafunk_ghost_necromancy, grunt_decor_cap
Temple:   kb_temple_of_zot

Skill      XL: |  1  2  3  4  5  6  7  8  9 10 11 12 |
---------------+-------------------------------------+-----
Axes           | 4 5 7 10 13 15 | 15.2
Fighting       | 4 5 6 7 8 9 10 | 10.0
Dodging        | 4 5 |  5.6
Stealth        | 2 3 4 |  4.5
Short Blades   | 2 4 5 |  5.3
Armour         | 1 2 3 5 7 8 9 11 | 11.6
Throwing       | 1 |  1.9
Shields        | 2 4 |  4.1

Action                   |  1- 3 |  4- 6 |  7- 9 | 10-12 || total
-------------------------+-------+-------+-------+-------++-------
Melee: Hand axe          |    45 |       |       |       ||    45
       Headbutt          |    12 |    11 |    22 |   116 ||   161
       Dagger            |    46 |   109 |     5 |       ||   160
       Punch             |     1 |     1 |     2 |       ||     4
       Battleaxe         |       |       |   105 |     8 ||   113
       War axe           |       |       |       |   361 ||   361
       Flail             |       |       |       |     3 ||     3
Throw: Stone             |       |     8 |       |     9 ||    17
Invok: Ancestor Life: Ba |       |     1 |       |       ||     1
  Use: Scroll            |       |       |     1 |     8 ||     9
 Stab: Sleeping          |     1 |     4 |       |       ||     5
       Distracted        |       |       |     3 |     6 ||     9
Armor: Robe              |    17 |     3 |       |       ||    20
       Ring mail         |       |    17 |       |       ||    17
       Chain mail        |       |    24 |     9 |       ||    33
       Plate armour      |       |       |    73 |   151 ||   224
Dodge: Dodged            |    63 |    64 |    47 |   132 ||   306
Block: Buckler           |       |       |       |    65 ||    65
